 Dungeon Crawl Stone Soup version 0.27.1-33-g824d729ab1 (webtiles) character file.

Game seed: 18026445053395257680

1511 halfoni the Slasher (level 9, -6/67 HPs)
             Began as a Human Berserker on Dec 18, 2021.
             Was an Elder of Trog.
             Mangled by a gnoll sergeant (13 damage)
             ... on level 6 of the Dungeon.
             The game lasted 00:13:35 (9265 turns).

halfoni the Slasher (Human Berserker)               Turns: 9265, Time: 00:13:35

Health: -6/67      AC: 13    Str: 26    XL:     9   Next: 9%
Magic:  9/9        EV: 12    Int:  9    God:    Trog [****..]
Gold:   426        SH:  0    Dex: 12    Spells: 8/8 levels left

rFire    . . .     SeeInvis .   t - +1 long sword (flame)
rCold    . . .     Faith    .   (no shield)
rNeg     . . .     Spirit   .   c - +0 ring mail
rPois    .         Reflect  .   (no helmet)
rElec    .         Harm     .   (no cloak)
rCorr    .         Rampage  .   h - +1 pair of gloves
Will     .....                  s - +0 pair of boots
Stlth    +.........             (no amulet)
HPRegen  0.21/turn              f - +6 ring of strength
MPRegen  0.11/turn              p - +4 ring of protection

@: about to teleport
A: no striking features
a: Renounce Religion, Berserk, Trog's Hand, Brothers in Arms


You were on level 6 of the Dungeon.
You worshipped Trog.
Trog was greatly pleased with you.
You visited 1 branch of the dungeon, and saw 6 of its levels.
You also visited: Ossuary.

You collected 426 gold pieces.

Inventory:

Hand Weapons
 t - a +1 long sword of flaming (weapon)
Armour
 c - a +0 ring mail (worn)
 h - a +1 pair of gloves (worn)
 s - a +0 pair of boots (worn)
Jewellery
 f - a +6 ring of strength (left hand)
 j - a ring of ice
 k - a +6 ring of dexterity
 p - a +4 ring of protection (right hand)
Wands
 B - a wand of flame (15)
 E - a wand of digging (3)
Scrolls
 a - 2 scrolls of identify
 i - a scroll of silence {unknown}
 n - a scroll of fear {unknown}
 v - 3 scrolls of teleportation
Potions
 b - 3 potions of haste
 d - 5 potions of might
 e - 3 potions of curing
 g - 3 potions of brilliance {unknown}
 l - 3 potions of heal wounds {unknown}
 m - 3 potions of cancellation {unknown}
 o - 3 potions of mutation {unknown}
 q - a potion of flight {unknown}
 w - a potion of berserk rage {unknown}
 z - 2 potions of attraction {unknown}
 A - 3 potions of lignification {unknown}
 C - a potion of invisibility {unknown}


   Skills:
 + Level 4.8 Fighting
 - Level 4.9(6.7) Short Blades
 * Level 7.1(7.8) Long Blades
 + Level 5.0 Armour
 + Level 3.7 Dodging


You had 8 spell levels left.
You didn't know any spells.
Your spell library was empty.

Dungeon Overview and Level Annotations

Branches:
Dungeon (6/15)            Ossuary (visited)
 Temple: D:4-7

Altars:
Kikubaaqudgha
Nemelex Xobeh
Vehumet
Wu Jian

Annotations:
D:3 2 transporters, austinbyrn's ghost, amateur GrFi
D:6 1 transporter, BiteMe's ghost, amateur DEVM


Message History

The gnoll sergeant hits you from afar with a +0 spear!
The gnoll throws a throwing net.
The throwing net hits you.
You become entangled in the net!
There is an open translucent door here.
You see here a throwing net.
You struggle against the net.
The gnoll sergeant hits you but does no damage.
The gnoll sergeant hits you from afar with a +0 trident of electrocution.
The gnoll barely misses you.
You struggle against the net.
The gnoll sergeant hits you but does no damage. x2
The gnoll hits you from afar with a +0 halberd of venom.
You struggle against the net.
The gnoll sergeant hits you from afar with a +0 trident of electrocution!
The gnoll hits you but does no damage.
The gnoll sergeant hits you from afar with a +0 spear.
The gnoll sergeant hits you but does no damage.
The gnoll hits you from afar with a +0 halberd of venom.
You struggle against the net.
The gnoll barely misses you.
The gnoll sergeant hits you but does no damage. x2
You are electrocuted!
The gnoll completely misses you.
You shred the net and break free!
The gnoll sergeant hits you from afar with a +0 trident of electrocution.
The gnoll hits you but does no damage.
The gnoll sergeant completely misses you.
The gnoll shaman calls upon its god to speed up the gnoll.
The gnoll seems to speed up.
The gnoll sergeant hits you from afar with a +0 trident of electrocution.
* * * LOW HITPOINT WARNING * * *
The gnoll closely misses you.
There are monsters nearby!
As you read the scroll of teleportation, it crumbles to dust.
You feel strangely unstable. The gnoll hits you but does no damage.
The gnoll hits you from afar with a +0 spear.
* * * LOW HITPOINT WARNING * * *
The gnoll sergeant closely misses you.
The gnoll sergeant hits you from afar with a +0 trident of electrocution!
* * * LOW HITPOINT WARNING * * *
You are electrocuted!
You die...

#..≈≈.##.#####.##.≈≈.# ##.#
#..≈≈..#.#8⌠8#.#.....# #..
#..≈≈.©#.'.©.'.#©....## ###
#..≈≈..#.#...#.#......######
#..≈≈.##.##.##.##.≈≈........
#..≈≈.#..#.g(#..#.≈≈.##.####
#..≈≈.##.ggggg.##.≈≈.##.#
#..≈≈..#.#...#.#..≈≈.##.#
#..≈≈###.##@##.###≈≈.##.##
#..≈≈#.......g...#≈≈.#...###
##.≈≈#8.###.###.8#≈≈.......#
#.≈≈#..#8###8#..#≈≈.....#.#
#.≈≈####.....####≈≈..#.##.#
#.≈≈≈≈≈≈≈≈≈≈≈≈≈≈≈≈≈.##.##.#
#.≈≈≈≈≈≈≈≈≈≈≈≈≈≈≈≈≈.##.#...
#...........:.......##..#.#
######################.....


You could see 3 gnoll sergeants, a gnoll shaman and 3 gnolls.

Vanquished Creatures
  A sky beast (D:5)
  A black bear (D:6)
  2 ogres (D:4)
  A centaur (D:4)
  2 phantoms
  A bullfrog (D:6)
  A water moccasin skeleton (D:5)
  A jelly (D:5)
  A bullfrog skeleton (D:5)
  4 orc priests
  A centaur skeleton (D:6)
  2 iguanas
  Natasha (thrice) (D:2)
  5 orc wizards
  8 mummies (Ossuary)
  A hound zombie (D:5)
  5 gnolls
  8 adders
  An adder skeleton (D:4)
  A worm (D:2)
  2 dart slugs (D:3)
  23 orcs
  7 bats
  4 endoplasms
  4 giant cockroaches
  A gnoll zombie (Ossuary)
  3 goblins
  5 hobgoblins
  7 jackals
  A quokka (D:1)
  9 ball pythons
  2 frilled lizards (D:1)
  A hobgoblin zombie (Ossuary)
  4 kobolds
  4 kobold zombies (Ossuary)
  2 orc zombies (Ossuary)
  6 rats
135 creatures vanquished.

Vanquished Creatures (others)
  A fungus (D:1)
  6 plants (D:6)
7 creatures vanquished.

Grand Total: 142 creatures vanquished

Notes
Turn   | Place    | Note
-------+----------+-------------------------------------------
     0 | D:1      | halfoni the Human Berserker began the quest for the Orb.
     0 | D:1      | Reached XP level 1. HP: 18/18 MP: 1/1
   150 | D:1      | Reached XP level 2. HP: 21/24 MP: 2/2
   206 | D:1      | Found a faded altar of an unknown god.
   385 | D:1      | Reached XP level 3. HP: 29/29 MP: 3/3
  1039 | D:2      | Reached ** piety under Trog
  1299 | D:2      | Noticed Natasha
  1306 | D:2      | Killed Natasha
  1307 | D:2      | Reached XP level 4. HP: 35/35 MP: 4/4
  1586 | D:2      | Noticed Natasha
  1603 | D:2      | Killed Natasha
  1840 | D:2      | Reached XP level 5. HP: 35/42 MP: 5/5
  2204 | D:2      | You fall into a shaft and drop 1 floor!
  2204 | D:3      | Found a transporter.
  2222 | D:3      | Found a transporter.
  2222 | D:3      | Noticed austinbyrn's ghost (amateur GrFi)
  2434 | D:2      | Noticed Natasha
  2467 | D:2      | Killed Natasha
  2468 | D:2      | Reached XP level 6. HP: 48/48 MP: 6/6
  4754 | D:4      | Found a sand-covered staircase.
  4769 | D:4      | Reached XP level 7. HP: 54/54 MP: 7/7
  4776 | Ossuary  | Entered an ossuary
  5090 | Ossuary  | Reached skill level 1 in Long Blades
  5720 | D:4      | Reached *** piety under Trog
  5721 | D:4      | Reached skill level 2 in Long Blades
  5956 | D:4      | Reached skill level 3 in Long Blades
  6133 | D:4      | Reached XP level 8. HP: 61/61 MP: 8/8
  6662 | D:4      | Found an ornate altar of the Wu Jian Council.
  6773 | D:4      | Found a sparkling altar of Nemelex Xobeh.
  7110 | D:5      | Entered Level 5 of the Dungeon
  7139 | D:5      | Reached skill level 4 in Long Blades
  7550 | D:5      | Reached skill level 5 in Long Blades
  8096 | D:5      | Found a radiant altar of Vehumet.
  8225 | D:6      | Reached skill level 6 in Long Blades
  8481 | D:6      | Reached **** piety under Trog
  8636 | D:6      | Reached skill level 5 in Armour
  8636 | D:6      | Reached XP level 9. HP: 64/66 MP: 9/9
  8717 | D:6      | Reached skill level 7 in Long Blades
  8744 | D:6      | Found a transporter.
  8745 | D:6      | Found a transporter.
  8752 | D:6      | Noticed BiteMe's ghost (amateur DEVM)
  8764 | D:6      | Identified the +0 buckler of a bazaar {rF+ rCorr Int+3}
  8950 | D:6      | Found an ancient bone altar of Kikubaaqudgha.
  9265 | D:6      | Mangled by a gnoll sergeant

Illustrated notes

Levels and vault maps discovered:
D:1:      matt_arrival_spirals, layout_basic, dreamdust_ecumenical_altar_grove,
          st_stairs_10
D:2:      cheibrodos_pilgrimage, layout_loops_cross, uniq_natasha
D:3:      layout_loops_corners, gammafunk_ghost_arena,
          chequers_serial_rivers_small_a, chequers_jeans, roderic_roman_lattice,
          skrybe_limestone_x
D:4:      layout_gridville, mainiacjoe_overflow_brackets,
          nemelex_xobeh_ov_fountains_minmay, nicolae_ossuary_entry_monument
D:5:      layout_gridville, mainiacjoe_overflow_alcove_2, minmay_misc_feat_rows,
          minivault_19, chequers_serial_rivers_micro_a, minmay_splitting_lines
D:6:      layout_loops_ring, lemuel_crystal_altar, gammafunk_ghost_gnarly_gnolls

Skill      XL: |  1  2  3  4  5  6  7  8  9 |
---------------+----------------------------+-----
Short Blades   | 4 |  4.9
Armour         | 3 4 5 |  5.0
Fighting       | 4 |  4.8
Dodging        | 3 |  3.7
Long Blades    | 3 6 7 |  7.1

Action                   |  1- 3 |  4- 6 |  7- 9 || total
-------------------------+-------+-------+-------++-------
Melee: Short sword       |    94 |   175 |       ||   269
       Long sword        |       |     3 |   194 ||   197
Invok: Berserk           |     2 |     8 |    10 ||    20
  Use: Scroll            |       |       |    13 ||    13
Armor: Animal skin       |     5 |       |       ||     5
       Ring mail         |    23 |    58 |   136 ||   217
Dodge: Dodged            |    55 |   102 |   167 ||   324
       Rpst.: Long sword |       |     1 |    46 ||    47
